 Dungeon Crawl Stone Soup version 0.17-a0-1046-ga09e34d (webtiles) character file.

604 RobertPalmer the Carver (level 7, 0/62 HPs)
             Began as a Naga Chaos Knight on May 15, 2015.
             Slain by a quokka (4 damage)
             ... on level 5 of the Dungeon.
             The game lasted 00:08:38 (3760 turns).

RobertPalmer the Carver (Naga Chaos Knight)         Turns: 3760, Time: 00:08:38

Health: 0/62       AC: -6    Str: 14    XL:     7   Next: 42%
Magic:  7/7        EV:  9    Int: 14    God:    Xom [..*...]
Gold:   153        SH:  0    Dex: 11    Spells: 0 memorised, 6 levels left

rFire  . . .     SeeInvis +     a - +1 falchion (chaos)
rCold  . . .     Clarity  .     b - +2 leather armour
rNeg   . . .     SustAb   .     (no shield)
rPois  +         Gourm    .     (no helmet)
rElec  .         Spirit   .     (no cloak)
rCorr  .         Warding  .     i - +1 pair of gloves
rMut   .         Stasis   .     (no barding)
MR     .....                    (no amulet)
Stlth  +.........               (no ring)
                                (no ring)

@: lethally poisoned (0 -> -1), corroded equipment, very slightly contaminated,
very slow, not resistant to hostile enchantments, very unstealthy
A: see invisible, deformed body, poison resistance, slowness 2, slow metabolism
1, spit poison 2, AC +2
a: Spit Poison, Renounce Religion


You were on level 5 of the Dungeon.
You worshipped Xom.
You were a toy of Xom.
You were hungry.

You visited 1 branch of the dungeon, and saw 5 of its levels.

You collected 153 gold pieces.

Inventory:

Hand weapons
 a - a +1 falchion of chaos (weapon)
Armour
 b - a +2 leather armour (worn)
 i - a +1 pair of gloves (worn)
   (You found it on level 1 of the Dungeon)
 k - a +1 helmet
   (You found it on level 4 of the Dungeon)
Scrolls
 g - 2 scrolls of identify
 j - a scroll of enchant armour
 o - a scroll of immolation {unknown}
Comestibles
 c - 4 bread rations {@e1}
 d - 3 fruits
 h - 2 meat rations {@e2}
 n - a royal jelly


   Skills:
 - Level 3.0 Fighting
 + Level 8.4 Long Blades
 - Level 1.5 Armour
 - Level 0.7 Dodging


You had 6 spell levels left.
You didn't know any spells.

Dungeon Overview and Level Annotations

Branches:
Dungeon (5/15)
 Temple: D:4-7

Altars:

Shops:
D:5 ([

Annotations:
D:3 tttt's ghost, average DrWz


Innate Abilities, Weirdness & Mutations

You cannot wear boots.
Your serpentine skin is tough (AC +2).
You have supernaturally acute eyesight.
Armour fits poorly on your strangely shaped body.
Your system is resistant to poisons.
You cover ground very slowly.
You have a slow metabolism.
You can spit poison.


Message History

You hear Xom's avuncular chuckle.
The jelly flickers and vanishes for a moment.
The goblin hits you.
You take 1 damage, and have 61/62 hp.
The goblin wields a hunting sling.
The goblin shoots a stone.
The stone barely misses you.
There is a stone staircase leading up here.
You see here a stone.
The goblin unwields an uncursed hunting sling.
The goblin hits you. The jelly hits you but does no damage.
A quokka comes into view.
You take 1 damage, and have 60/62 hp.
You slash the jelly! The acid corrodes your equipment! The goblin hits you.
The jelly misses you.
The quokka twitches its whiskers.
You take 2 damage, and have 58/62 hp.
The goblin hits you.
There is a stone staircase leading up here.
You see here a stone.
You take 1 damage, and have 57/62 hp.
You slash the goblin!
You kill the goblin!
You hit the jelly but do no damage.
The quokka bites you but does no damage.
You hear a slurping noise.
The jelly closely misses you. The quokka bites you.
You take 4 damage, and have 53/62 hp.
You hit the jelly but do no damage. The jelly hits you.
You are splashed with acid!
The acid burns!
The quokka bites you but does no damage.
You take 10 damage, and have 43/62 hp.
Unknown command.
You hit the jelly. You drain the jelly! The quokka bites you.
The jelly hits you.
You are splashed with acid!
The acid corrodes your equipment!
The acid burns!
You take 14 damage, and have 29/62 hp.
MASSIVE DAMAGE!!
You aren't carrying any items that can be evoked.
Unknown command.
Read which item? (? for menu, Esc to quit)
Okay, then.
Unknown command.
The quokka bites you. The jelly hits you.
You are splashed with acid!
The acid burns!
* * * LOW HITPOINT WARNING * * *
There is an entrance to Maledu's Weapon Boutique here.
You take 14 damage, and have 15/62 hp.
MASSIVE DAMAGE!!
The quokka bites you.
* * * LOW HITPOINT WARNING * * *
The quokka bites you.
* * * LOW HITPOINT WARNING * * *
You take 8 damage, and have 7/62 hp.
Unknown command.
Read which item? (? for menu, Esc to quit)
Really read
m - a scroll of blinking {!r}?
Blink to where?
You are very lightly contaminated with residual magic.
As you read the scroll of blinking {!r}, it crumbles to dust.
An adder comes into view.
Drink which item? (? for menu, Esc to quit)
You feel better.
You regained 11 hp, and now have 18/62 hp.
Drink which item? (? for menu, Esc to quit)
It was a potion of heal wounds.
You feel much better.
You regained 27 hp, and now have 46/62 hp.
The adder closely misses you. The adder bites you.
You are poisoned.
The adder poisons you!
You take 5 damage, and have 41/62 hp.
Unknown command.
You hit the adder but do no damage.
The adder is poisoned.
You feel sick. The adder bites you.
You take 3 damage, and have 38/62 hp.
You hit the adder but do no damage. The adder closely misses you.
You hit the jelly.
The jelly seems to speed up.
You feel sick. The jelly hits you.
You are splashed with acid!
The acid burns!
The adder misses you.
You take 12 damage, and have 26/62 hp.
You hit the jelly. The acid corrodes your equipment!
The jelly closely misses you. The adder bites you. The jelly hits you.
You are splashed with acid!
The acid burns!
* * * LOW HITPOINT WARNING * * *
You take 16 damage, and have 10/62 hp.
MASSIVE DAMAGE!!
You slash the jelly!
You kill the jelly!
The adder bites you.
* * * LOW HITPOINT WARNING * * *
The adder bites you.
* * * LOW HITPOINT WARNING * * *
You take 5 damage, and have 5/62 hp.
Unknown command.
You closely miss the adder.
You feel sick. The quokka bites you.
You die... "I guess I need a new plaything now."

#. ... ... ...
#...#.. ..#..
.... . #..
....#..#######...
........r@S......
....#..######...#
# ..#8.# # #.#..#
#.#..# #..J.#
##....# #<∩§..#
#(##8.#


You could see an adder and a quokka.

Vanquished Creatures
  A hippogriff (D:4)
  A scorpion (D:4)
  A jelly (D:5)
  2 hounds (D:4)
  3 orc priests (D:4)
  An orc wizard (D:4)
  2 iguanas (D:4)
  9 adders
  An ooze (D:1)
  2 worms
  5 giant geckos (D:3)
  4 orcs
  3 giant cockroaches
  9 goblins
  8 hobgoblins
  7 jackals (D:3)
  A quokka (D:2)
  10 bats
  14 giant newts
  5 kobolds
  8 rats
97 creatures vanquished.

Notes
Turn   | Place    | Note
--------------------------------------------------------------
     0 | D:1      | RobertPalmer the Naga Chaos Knight began the quest for the Orb.
     0 | D:1      | Reached XP level 1. HP: 21/21 MP: 1/1
    19 | D:1      | XOM: silly message
    29 | D:1      | XOM: harmless Ice miscast
    61 | D:1      | Reached XP level 2. HP: 12/28 MP: 2/2
   335 | D:1      | XOM: potion effect (berserk rage)
   399 | D:1      | Reached skill level 4 in Long Blades
   506 | D:1      | Reached XP level 3. HP: 34/34 MP: 3/3
   582 | D:1      | XOM: harmless Chrm miscast
   622 | D:1      | XOM: divination: detect creatures
   752 | D:1      | XOM: harmless Chrm miscast
  1151 | D:2      | Reached XP level 4. HP: 38/42 MP: 4/4
  1563 | D:2      | XOM: colour smoke trail
  1635 | D:3      | XOM: stealth player
  1644 | D:3      | XOM: confusion (+ monsters)
  1655 | D:3      | Reached skill level 5 in Long Blades
  1793 | D:3      | Noticed tttt's ghost (average DrWz)
  1832 | D:3      | HP: 9/42 [jackal (2)]
  1838 | D:3      | HP: 5/42 [jackal (3)]
  1844 | D:3      | HP: 8/42 [giant newt (1)]
  1852 | D:3      | HP: 7/42 [jackal (2)]
  1861 | D:3      | Reached XP level 5. HP: 10/49 MP: 5/5
  2163 | D:3      | HP: 12/49 [poisoned by an adder]
  2169 | D:3      | HP: 11/49 [poisoned by an adder]
  2177 | D:3      | HP: 10/49 [poisoned by an adder]
  2439 | D:4      | HP: 12/49 [poisoned by an adder]
  2441 | D:4      | HP: 3/49 [adder (5)]
  2443 | D:4      | Reached skill level 6 in Long Blades
  2446 | D:4      | HP: 2/49 [poisoned by an adder]
  2551 | D:4      | XOM: harmless Tloc miscast
  2653 | D:4      | XOM: 2-stop teleportation journey
  2753 | D:4      | XOM: colour smoke trail
  2765 | D:4      | Got a translucent spear
  2766 | D:4      | Identified the cursed +1 spear "Diorhestri" {speed, +Inv Int-2 Dex+9} (You found it on level 4 of the Dungeon)
  2894 | D:4      | Reached XP level 6. HP: 50/56 MP: 6/6
  2945 | D:4      | Noticed a hippogriff
  2954 | D:4      | Killed a hippogriff
  2954 | D:4      | Reached skill level 7 in Long Blades
  3024 | D:4      | XOM: 1-stop teleportation journey
  3044 | D:4      | XOM: silly message
  3066 | D:4      | Reached XP level 7. HP: 58/62 MP: 7/7
  3181 | D:4      | Found a staircase to the Ecumenical Temple.
  3182 | D:4      | Reached skill level 8 in Long Blades
  3511 | D:4      | XOM: noise
  3738 | D:5      | Found Maledu's Weapon Boutique.
  3738 | D:5      | Found Unulist's Antique Armour Boutique.
  3738 | D:5      | XOM: noise
  3738 | D:5      | Entered Level 5 of the Dungeon
  3739 | D:5      | XOM: enchant monster (bad)
  3748 | D:5      | HP: 15/62 [acid (11)]
  3749 | D:5      | HP: 7/62 [quokka (3)]
  3758 | D:5      | HP: 10/62 [acid (11)]
  3760 | D:5      | HP: 4/62 [poisoned by an adder]
  3760 | D:5      | Slain by a quokka

Vault maps used:
D:1:      mrwooster_arrival_statue, minmay_newt_pond
D:2:      first_bread
D:3:      minmay_unequal
D:4:      minmay_temple_entry_junction
D:5:      serial_shops, shop, shop_statue, shop, shop, nicolae_shop_statue_plus

Action                   |  1- 3 |  4- 6 |  7- 9 || total
-------------------------+-------+-------+-------++-------
Melee: Falchion          |   106 |   172 |    52 ||   330
 Abil: Spit Poison       |       |     6 |     7 ||    13
  Use: Scroll            |       |    14 |     1 ||    15
       Potion            |       |     3 |     2 ||     5
 Stab: Distracted        |       |     1 |       ||     1
       Petrifying        |       |     1 |       ||     1
  Eat: Chunk             |     1 |     5 |     2 ||     8

Vault maps used:
D:1:      mrwooster_arrival_statue, minmay_newt_pond
D:2:      first_bread
D:3:      minmay_unequal
D:4:      minmay_temple_entry_junction
D:5:      serial_shops, shop, shop_statue, shop, shop, nicolae_shop_statue_plus

Table legend:
 A = Turns spent in this place as a percentage of turns spent in the entire game.
 B = Non-inter-level travel turns spent in this place as a percentage of non-inter-level travel turns spent in the entire game.
 C = Inter-level travel turns spent in this place as a percentage of turns spent in this place.
 D = Turns resting spent in this place as a percentage of non-inter-level travel turns spent in this place.
 E = Turns spent auto-exploring this place as a percentage of non-inter-level travel turns spent in this place.
 F = Non-inter-level travel turns spent in this place divided by the number of levels of this place that you've seen.
                   A       B       C       D       E      F
               +-------+-------+-------+-------+-------+----------------------
         Total | 100.0 | 100.0 |   0.3 |   3.2 |   8.8 | 233.0
       Dungeon | 100.0 | 100.0 |   0.3 |   3.2 |   8.8 | 233.0
               +-------+-------+-------+-------+-------+----------------------

Table legend:
 A = Kills in this place as a percentage of kills in entire the game.
 B = Kills by you in this place as a percentage of kills by you in the entire game.
 C = Kills by friends in this place as a percentage of kills by friends in the entire game.
 D = Other kills in this place as a percentage of other kills in the entire game.
 E = Experience gained in this place as a percentage of experience gained in the entire game.
 F = Experience gained in this place divided by the number of levels of this place that you have seen.
                   A       B       C       D       E      F
               +-------+-------+-------+-------+-------+----------------------
         Total | 100.0 | 100.0 |  -nan |  -nan | 100.0 | 172.6
       Dungeon | 100.0 | 100.0 |  -nan |  -nan | 100.0 | 172.6
               +-------+-------+-------+-------+-------+----------------------
